 Dungeon Crawl Stone Soup version 0.30.1-3-gfc49f6343a (webtiles) character file.

Game seed: 3260561205765677218

427 spardeous the Firebug (level 6, -4/45 HPs)
             Began as a Demigod Fire Elementalist on July 28, 2023.
             Slain by a hound (5 damage)
             ... on level 5 of the Dungeon.
             The game lasted 00:05:12 (5900 turns).

spardeous the Firebug (Demigod Fire Elementalist)   Turns: 5900, Time: 00:05:13

Health: -4/45      AC:  2    Str:  9    XL:     6   Next: 37%
Magic:  6/12       EV: 13    Int: 28    God:
Gold:   189        SH:  0    Dex: 24    Spells: 9/10 levels left

rFire   . . .        d - staff of conjuration
rCold   . . .        (no shield)
rNeg    . . .        h - +0 robe of the Big Bang {Rampage Int+3 Dex+4 SInv}
rPois   .            (no helmet)
rElec   .            (no cloak)
rCorr   .            (no gloves)
SInv    +            (no boots)
Will    .....        (no amulet)
Stlth   ++           c - +6 ring of dexterity
HPRegen 0.27/turn    (no ring)
MPRegen 0.13/turn

%: rampage
@: no status effects
A: high MP 1, forlorn, divine attributes
a: no special abilities


You were on level 5 of the Dungeon.
You visited 1 branch of the dungeon, and saw 5 of its levels.

You collected 189 gold pieces.

Inventory:

Armour
 a - a +0 robe
 h - the +0 robe of the Big Bang (worn) {Rampage Int+3 Dex+4 SInv}
   (You found it on level 2 of the Dungeon)

   Int:       It affects your intelligence (+3).
   Dex:       It affects your dexterity (+4).
   SInv:      It lets you see invisible.
   Rampage:   It bestows one free step when moving towards enemies.
Magical Staves
 d - a staff of conjuration (weapon)
Jewellery
 c - a +6 ring of dexterity (left hand)
Wands
 o - a wand of charming (5)
 q - a wand of mindburst (21)
Scrolls
 g - a scroll of magic mapping {unknown}
 i - 5 scrolls of identify {unknown}
 k - a scroll of immolation {unknown}
 l - a scroll of teleportation {unknown}
 m - 2 scrolls of vulnerability {unknown}
 n - a scroll of blinking {unknown}
 p - a scroll of poison {unknown}
 s - a scroll of butterflies {unknown}
 t - a scroll of amnesia {unknown}
Potions
 b - a potion of magic
 e - 3 potions of berserk rage {unknown}
 f - a potion of ambrosia {unknown}
 j - a potion of curing {unknown}
 r - a potion of haste {unknown}
 u - a potion of brilliance {unknown}


   Skills:
 - Level 1.7 Dodging
 - Level 1.7 Stealth
 - Level 2.5 Spellcasting
 + Level 3.6 Conjurations
 - Level 5.4 Fire Magic


You had 9 spell levels left.
You knew the following spells:

 Your Spells              Type           Power      Damage    Failure   Level
a - Foxfire               Conj/Fire      100%       2x1d9     1%          1

Your spell library contained the following spells:

 Spells                   Type           Power      Damage    Failure   Level
 Scorch                   Fire           66%        2d8       1%          2
 Freeze                   Ice            12%        1d3       9%          1
 Slow                     Hex            12%        N/A       9%          1
 Inner Flame              Hex/Fire       18%        N/A       9%          3
 Volatile Blastmotes      Fire/Tloc      36%        2d13      9%          3
 Hailstorm                Conj/Ice       20%        3d6       12%         3
 Flame Wave               Conj/Fire      43%        2d11      13%         4
 Confusing Touch          Hex            3%         N/A       26%         3
 Frozen Ramparts          Ice            6%         1d1       26%         3
 Tukima's Dance           Hex            3%         N/A       26%         3
 Vampiric Draining        Necr           3%         2d6       26%         3
 Passage of Golubria      Tloc           3%         N/A       65%         4
 Yara's Violent Unravell  Hex/Tmut       1%         3d3       94%         5
 Simulacrum               Ice/Necr       1%         N/A       100%        6
 Ozocubu's Refrigeration  Ice            1%         4d7       100%        7
 Polar Vortex             Ice            1%         N/A       100%        9


Dungeon Overview and Level Annotations

Branches:
Dungeon (5/15)
 Temple: D:4-7


Innate Abilities, Weirdness & Mutations

You have an increased reservoir of magic. (+10% MP)
You shall have no god before yourself.
Your divine heritage dramatically boosts your attributes as you level up.


Message History

The scorpion is heavily wounded.
The black bear closely misses you. The black bear claws you. x2
The scorpion closely misses you.
There are monsters nearby!
Casting: Foxfire (safe; 1% risk of failure)
Confirm with . or Enter, or press ? or * to list all spells.
You feel a surge of power!
You conjure some foxfire!
The black bear bites you.
The black bear claws you but does no damage.
The black bear closely misses you. The scorpion barely misses you.
The black bear barely misses you.
The black bear claws you but does no damage.
The black bear claws you.
The foxfire hits the scorpion.
The scorpion is heavily wounded.
The foxfire hits the scorpion!
You kill the scorpion!
The hound closely misses you. The black bear bites you.
* * * LOW HITPOINT WARNING * * *
The black bear claws you!
* * * LOW HITPOINT WARNING * * *
The black bear misses you. The hound bites you but does no damage.
You take 30 damage, and have 13/45 hp.
MASSIVE DAMAGE!!
You now have 6/12 mp.
There are monsters nearby!
Casting: Foxfire (safe; 1% risk of failure)
Confirm with . or Enter, or press ? or * to list all spells.
You feel a surge of power!
You conjure some foxfire!
The black bear barely misses you. x2; The black bear misses you.
The hound bites you.
* * * LOW HITPOINT WARNING * * *
The black bear bites you.
* * * LOW HITPOINT WARNING * * *
The black bear claws you.
* * * LOW HITPOINT WARNING * * *
The black bear closely misses you.
The foxfire hits the black bear.
You kill the black bear!
The foxfire hits the hound!
The hound is heavily wounded.
The hound bites you.
You die...

#...
...######
........#
.......#
###......#
.....>..#
#h††...#
#.@§...#
#..§...#
########


You could see a hound.

Vanquished Creatures
  The ghost of Pepete the Ducker, an amateur FeFE (D:4)
  A black bear (D:5)
  A scorpion (D:5)
  2 orc priests (D:3)
  Jessica (D:2)
  Ijyb (D:4)
  3 adders
  4 gnolls (D:4)
  A dart slug (D:2)
  8 orcs
  5 ball pythons
  10 endoplasms
  13 giant cockroaches
  6 goblins
  6 hobgoblins
  5 kobolds
  6 quokkas
  10 bats
  A frilled lizard (D:1)
  6 rats
91 creatures vanquished.

Vanquished Creatures (others)
  490 foxfires
490 creatures vanquished.

Grand Total: 581 creatures vanquished

Notes
Turn   | Place    | Note
-------+----------+-------------------------------------------
     0 | D:1      | spardeous the Demigod Fire Elementalist began the quest for
                  | the Orb.
     0 | D:1      | Reached XP level 1. HP: 14/14 MP: 5/5
    62 | D:1      | Reached skill level 3 in Fire Magic
   353 | D:1      | Reached XP level 2. HP: 19/20 MP: 5/7
  1340 | D:2      | Reached skill level 4 in Fire Magic
  1340 | D:2      | Reached XP level 3. HP: 26/26 MP: 4/8
  1431 | D:2      | Identified the +0 chain mail of Ythun {Slay+3}
  1621 | D:2      | Noticed Jessica
  1634 | D:2      | Killed Jessica
  1726 | D:2      | Identified the +0 robe of the Big Bang {Rampage Int+3 Dex+4
                  | SInv}
  1793 | D:2      | Reached XP level 4. HP: 33/33 MP: 6/9
  2736 | D:2      | Reached skill level 5 in Fire Magic
  3505 | D:3      | Reached XP level 5. HP: 38/38 MP: 4/10
  4922 | D:4      | Reached skill level 1 in Conjurations
  5345 | D:4      | Found a runed translucent door.
  5447 | D:4      | Noticed Ijyb
  5457 | D:4      | Killed Ijyb
  5641 | D:4      | Noticed Pepete's ghost (amateur FeFE)
  5706 | D:4      | Killed Pepete's ghost
  5707 | D:4      | Reached XP level 6. HP: 19/45 MP: 7/12
  5884 | D:5      | Entered Level 5 of the Dungeon
  5899 | D:5      | HP: 1/45 [black bear (6)]
  5900 | D:5      | Slain by a hound

Illustrated notes

Levels and vault maps discovered:
D:1:      amcnicky_arrival_underground_garden, layout_loops_ring
D:2:      minmay_roachtagon, layout_loops_corners, serial_aquarium,
          aquarium_bridge_straight [aquarium_subvault_bridge,
          aquarium_subvault_window, aquarium_subvault_bridge,
          aquarium_subvault_wall], aquarium_bridge_long_joined
          [aquarium_subvault_wall, aquarium_subvault_wall,
          aquarium_subvault_balcony, aquarium_subvault_bridge,
          aquarium_subvault_wall, aquarium_subvault_bridge], aquarium_window_3,
          aquarium_window_1, aquarium_window_double, aquarium_view_2b,
          aquarium_view_2d, aquarium_pool_2, uniq_jessica
D:3:      layout_basic, mainiacjoe_overflow_paths
D:4:      layout_loops_ring, nemelex_xobeh_ov_fountains_minmay,
          mainiacjoe_overflow_alcove_1, ebering_ghost_reflecting_pool,
          minmay_misc_feat_four_crosses, patterned_corridor, uniq_ijyb
D:5:      layout_rooms, mainiacjoe_overflow_six_doors_small,
          chequers_serial_rivers_marsh, uniq_pikel

Skill      XL: |  1  2  3  4  5 |
---------------+----------------+-----
Fire Magic     | 3 4 5 |  5.4
Spellcasting   | 2 |  2.5
Conjurations   | 3 |  3.6
Dodging        | |  1.7
Stealth        | |  1.7

Action                     |  1- 3 |  4- 6 || total
---------------------------+-------+-------++-------
  Melee: Staff             |     1 |    17 ||    18
         Punch             |       |     1 ||     1
   Cast: Foxfire           |    97 |   206 ||   303
 Armour: Robe              |    10 |    17 ||    27
  Dodge: Dodged            |    24 |    65 ||    89
